 Dungeon Crawl Stone Soup version 0.30-a0-728-gc68057be0a (webtiles) character file.

Game seed: 10978100983618134289

1301 jimonade the Covert (level 8, -13/40 HPs)
             Began as a Vine Stalker Brigand on Jan 30, 2023.
             Mangled by a centaur
             ... wielding a +0 long sword
              (14 damage)
             ... on level 6 of the Dungeon.
             The game lasted 00:09:38 (4154 turns).

jimonade the Covert (Vine Stalker Brigand)          Turns: 4154, Time: 00:09:38

Health: -13/40     AC:  9    Str: 15    XL:     8   Next: 57%
Magic:  0/9        EV: 12    Int: 16    God:
Gold:   281        SH:  0    Dex: 17    Spells: 7/7 levels left

rFire   . . .      SeeInvis .    a - +2 dagger (venom)
rCold   . . .      Faith    .    (no shield)
rNeg    . . .      Spirit   +    s - +1 leather armour "Mycisorhergha" {Int+5}
rPois   .          Reflect  .    E - +0 helmet
rElec   .          Harm     .    c - +0 cloak
rCorr   .          Rampage  .    h - +2 pair of gloves
Will    +....                    (no boots)
Stlth   ++++                     (no amulet)
HPRegen 1.06/turn                (no ring)
MPRegen 0.11/turn                (no ring)

@: no status effects
A: fangs 3, regeneration 1, magic shield, antimagic bite, no potion heal 2
a: no special abilities


You were on level 6 of the Dungeon.
You visited 1 branch of the dungeon, and saw 6 of its levels.

You collected 281 gold pieces.

Inventory:

Hand Weapons
 a - a +2 dagger of venom (weapon)
 b - a +0 sling
 m - a +0 long sword
 x - a +2 dagger
 B - a +0 rapier
 M - a +0 shortbow
 O - a +0 scimitar
Missiles
 d - 14 poisoned darts (quivered)
 e - 3 curare-tipped darts
 f - 4 silver javelins
 p - 75 stones
 H - 10 javelins
Armour
 c - a +0 cloak (worn)
 h - a +2 pair of gloves (worn)
 n - a +0 robe
 o - a +0 ring mail
 s - the +1 leather armour "Mycisorhergha" (worn) {Int+5}
   (You found it on level 2 of the Dungeon)

   Int:       It affects your intelligence (+5).
 y - a +0 robe of positive energy
 E - a +0 helmet (worn)
Jewellery
 w - a ring of ice
Wands
 C - a wand of mindburst (17)
 G - a wand of flame (18)
 K - a wand of quicksilver (6)
Scrolls
 l - 3 scrolls of immolation
 q - 7 scrolls of identify
 t - a scroll of brand weapon {unknown}
 A - a scroll of blinking
 I - a scroll of enchant armour {unknown}
 J - 2 scrolls of teleportation {unknown}
 N - a scroll of fog
Potions
 g - a potion of flight {unknown}
 i - 2 potions of heal wounds {unknown}
 j - a potion of resistance
 k - 2 potions of ambrosia {unknown}
 r - 2 potions of haste {unknown}
 u - 2 potions of lignification {unknown}
 v - 2 potions of curing {unknown}
 z - 3 potions of brilliance {unknown}
 D - 2 potions of berserk rage
 F - a potion of degeneration {unknown}
 L - a potion of magic {unknown}


   Skills:
 + Level 3.1 Fighting
 * Level 5.8 Short Blades
 + Level 2.0 Throwing
 + Level 3.0 Armour
 + Level 2.0 Dodging
 + Level 8.8 Stealth


You had 7 spell levels left.
You didn't know any spells.
Your spell library contained the following spells:

 Spells                   Type           Power      Damage    Failure   Level
 Magic Dart               Conj           0%         1d3       30%         1
 Searing Ray              Conj           0%         2d4       43%         2
 Hailstorm                Conj/Ice       0%         3d3       67%         3
 Animate Armour           Summ/Erth      0%         N/A       97%         4
 Fulminant Prism          Conj/Hex       0%         3d5       97%         4
 Ice Form                 Ice/Tmut       0%         N/A       97%         4
 Blade Hands              Tmut           0%         N/A       100%        5
 Iron Shot                Conj/Erth      0%         9d1       100%        6
 Simulacrum               Ice/Necr       0%         N/A       100%        6
 Chain Lightning          Conj/Air       0%         N/A       100%        9
 Fire Storm               Conj/Fire      0%         5d1       100%        9
 Shatter                  Erth           0%         3d5*      100%        9


Dungeon Overview and Level Annotations

Branches:
Dungeon (6/15)
 Temple: D:4-7

Altars:
Fedhas
Qazlal
Xom


Innate Abilities, Weirdness & Mutations

You have razor-sharp teeth.
Your natural rate of healing is unusually fast.
When hurt, damage is shared between your health and your magic reserves.
Your bite disrupts and absorbs the magic of your enemies.
Potions cannot restore your health.


Message History

You bite the centaur, but do no damage.
The centaur is heavily wounded.
The centaur drinks a potion.
The centaur goes berserk!
You barely miss the centaur.
The centaur is heavily wounded.
The centaur hits you with a +0 long sword!
The centaur barely misses you.
You barely miss the centaur. Your bite misses the centaur.
The centaur is heavily wounded.
The centaur hits you with a +0 long sword!
The centaur kicks you but does no damage.
The centaur closely misses you. x2
You hit the centaur but do no damage.
The centaur is heavily wounded.
The centaur closely misses you.
The centaur kicks you but does no damage.
You hit the centaur.
The centaur looks even sicker.
You bite the centaur. You drain its power.
You feel invigorated.
The centaur is heavily wounded.
The centaur hits you with a +0 long sword.
The centaur barely misses you. x2
The centaur kicks you but does no damage.
You hit the centaur.
The centaur is severely wounded.
The centaur barely misses you.
The centaur kicks you but does no damage.
The centaur hits you with a +0 long sword!
The centaur kicks you but does no damage.
You are too injured to fight recklessly!
You barely miss the centaur. You bite the centaur, but do no damage.
The centaur is severely wounded.
The centaur hits you with a +0 long sword.
The centaur closely misses you.
You completely miss the centaur. You bite the centaur, but do no damage.
The centaur is severely wounded.
The centaur hits you with a +0 long sword!
* * * LOW HITPOINT WARNING * * *
The centaur kicks you but does no damage.
The centaur hits you with a +0 long sword!
You die...

#...##.....##..###......
#....#...####..# ##.....
.#........#.#...###......
........##...............
............##.###....#..
........###.##...##..##..
........######...#....###
.........c...#...........
........@#........###....
##......##...###c.##.....
#.......##....#..........
...###..###.............#
..# ##.# ###........c...
.. ..# ...........## ..#
............# ..
...........##
..........##


You could see a centaur (berserk, very poisoned).

Vanquished Creatures
  Grinder (D:3)
  A black bear (D:4)
  An ogre (D:5)
  2 centaurs
  A phantom (D:5)
  5 killer bees (D:5)
  A howler monkey (D:6)
  4 hounds
  A jelly (D:5)
  A gnoll bouda (D:5)
  Jessica (D:3)
  3 iguanas
  An orc wizard (D:5)
  4 gnolls (D:5)
  3 adders
  An ufetubus (D:6)
  A worm (D:2)
  6 dart slugs
  An orc (D:5)
  7 ball pythons
  2 bats
  7 endoplasms
  2 giant cockroaches
  4 hobgoblins
  3 kobolds
  A quokka (D:4)
  A frilled lizard (D:3)
  4 goblins
  6 rats
76 creatures vanquished.

Notes
Turn   | Place    | Note
-------+----------+-------------------------------------------
     0 | D:1      | jimonade the Vine Stalker Brigand began the quest for the
                  | Orb.
     0 | D:1      | Reached XP level 1. HP: 11/11 MP: 2/2
   432 | D:1      | Reached skill level 5 in Stealth
   461 | D:1      | Reached XP level 2. HP: 15/15 MP: 3/3
  1007 | D:2      | Reached XP level 3. HP: 15/18 MP: 2/4
  1074 | D:2      | Identified the +1 leather armour "Mycisorhergha" {Int+5}
  1668 | D:3      | Found a faded altar of an unknown god.
  1819 | D:3      | Gained mutation: Your natural rate of healing is unusually
                  | fast. [Vine Stalker growth]
  1819 | D:3      | Reached XP level 4. HP: 16/23 MP: 5/5
  1834 | D:3      | Noticed Grinder
  1838 | D:3      | Paralysed by Grinder for 4 turns
  1841 | D:3      | Killed Grinder
  1842 | D:3      | Reached skill level 1 in Armour
  1842 | D:3      | Reached skill level 1 in Dodging
  1842 | D:3      | Reached skill level 6 in Stealth
  1842 | D:3      | Reached XP level 5. HP: 18/27 MP: 3/6
  1842 | D:3      | Reached XP level 6. HP: 21/31 MP: 3/7
  1984 | D:3      | Noticed Jessica
  1991 | D:3      | Killed Jessica
  1992 | D:3      | Reached skill level 7 in Stealth
  2316 | D:4      | Noticed a black bear
  2335 | D:4      | Killed a black bear
  2838 | D:4      | Reached XP level 7. HP: 29/35 MP: 8/8
  3085 | D:5      | Entered Level 5 of the Dungeon
  3125 | D:5      | Found a shimmering altar of Xom.
  3255 | D:5      | Reached skill level 8 in Stealth
  3301 | D:5      | Reached skill level 5 in Short Blades
  3347 | D:5      | Found a blossoming altar of Fedhas.
  3394 | D:5      | Gained mutation: You have razor-sharp teeth. [Vine Stalker
                  | growth]
  3394 | D:5      | Reached XP level 8. HP: 39/39 MP: 9/9
  3949 | D:6      | Found a stormy altar of Qazlal.
  4154 | D:6      | HP: 1/40 [centaur/+0 long sword (12)]
  4154 | D:6      | Mangled by a centaur

Illustrated notes

Levels and vault maps discovered:
D:1:      minmay_arrival_solitary_statue, layout_basic,
          nicolae_figureground_sparkle
D:2:      layout_basic
D:3:      layout_basic, hellmonk_ecumenical_altar_run_dry,
          dreamdust_princess_bridge, hangedman_glass_teeth, uniq_jessica,
          uniq_grinder
D:4:      layout_loops_cross, roderic_roman_lattice
D:5:      layout_loops_cross, mainiacjoe_overflow_cross_hatched,
          mainiacjoe_overflow_six_doors_small, minmay_chambers_of_fives
D:6:      layout_cave_pools, nicolae_qazlal_eye_of_the_storm

Skill      XL: |  1  2  3  4  5  6  7  8 |
---------------+-------------------------+-----
Stealth        | 5 6 7 8 |  8.8
Short Blades   | 2 3 4 5 |  5.8
Fighting       | 2 3 |  3.1
Throwing       | 2 |  2.0
Armour         | 1 2 3 |  3.0
Dodging        | 1 2 |  2.0

Action                     |  1- 3 |  4- 6 |  7- 9 || total
---------------------------+-------+-------+-------++-------
  Melee: Dagger            |    64 |    52 |   114 ||   230
         Bite              |    11 |    14 |    36 ||    61
         Punch             |     1 |       |     2 ||     3
  Throw: Dart              |       |       |     7 ||     7
    Use: Scroll            |     5 |     3 |     1 ||     9
   Stab: Sleeping          |    11 |     6 |     7 ||    24
         Distracted        |       |     1 |     1 ||     2
 Armour: Ring mail         |    10 |       |       ||    10
         Robe              |     3 |       |       ||     3
         Leather armour    |     4 |    22 |    38 ||    64
  Dodge: Dodged            |    32 |    29 |    55 ||   116

Table legend: (Time is in decaauts)
 A = Elapsed time spent in this place.
 B = Non-inter-level travel time spent in this place.
 C = Inter-level travel time spent in this place.
 D = Time resting spent in this place.
 E = Time spent auto-exploring this place.
 F = Levels seen in this place.
 G = Mean time per level.
                   A        B        C        D        E       F      G
               +--------+--------+--------+--------+--------+-----+--------+
         Total |   4107 |   3845 |    262 |    156 |   2859 |   6 |  684.5 |
       Dungeon |   4107 |   3845 |    262 |    156 |   2859 |   6 |  684.5 |
               +--------+--------+--------+--------+--------+-----+--------+

Top non-repeatable levels by time:
     D:2: 886 daAuts
     D:5: 806 daAuts
     D:1: 775 daAuts
     D:3: 708 daAuts
     D:4: 696 daAuts
     D:6: 233 daAuts
